Map: Abyssal Reef LE

Players

Railgan - Winner!

  • Race: Zerg Zerg
  • League: Grandmaster
  • Spawn Location: 11:00

Seltic

  • Race: Zerg Zerg
  • League: Master
  • Spawn Location: 5:00

VOD

Have the link to the VOD?

Description

Time

  • Played on: March 17, 2017, 4:46 p.m.
  • Length: 9:00
Show
View Real Time Build Order
Export as new Build Order

Railgan Zerg - Winner!

Build Orders: Pool First, Swarm Host 

Get SALT Encoding   

  12  0:01  Drone  
  13  0:12  Overlord  
  13  0:17  Drone  
  14  0:30  Drone x2  
  16  0:36  Drone  
  17  0:49  Drone  
  18  0:52  Spawning Pool  
  18  0:56  Drone  
  18  1:03  Extractor  
  17  1:17  Hatchery  
  16  1:19  Drone  
  16  1:20  Drone  
  18  1:28  Drone  
  19  1:41  Queen  
  19  1:43  Spine Crawler, Zergling x2  
  21  1:51  Drone  
  23  2:04  Baneling Nest  
  23  2:06  Overlord  
  22  2:24  Drone x2, Queen  
  22  2:29  Zergling x2  
  27  2:32  Queen  
  29  2:37  Drone  
  29  2:44  Drone x2  
  29  2:50  Metabolic Boost  
  31  2:51  Drone x2  
  31  2:55  Drone x2  
  35  3:00  Drone  
  36  3:18  Overlord  
  36  3:19  Baneling  
  36  3:20  Baneling  
  36  3:26  Overlord  
  36  3:27  Extractor, Drone  
  36  3:28  Extractor, Drone  
  36  3:34  Overlord  
  36  3:35  Lair  
  36  3:36  Extractor, Drone  
  36  3:37  Drone x2  
  36  3:38  Zergling x2  
  39  3:43  Drone x2  
  39  3:44  Drone  
  39  3:47  Drone  
  43  3:49  Drone  
  43  3:52  Drone  
  45  3:57  Drone  
  45  4:00  Drone x3  
  49  4:03  Baneling  
  49  4:08  Zergling x4  
  51  4:10  Baneling  
  51  4:12  Zergling x4  
  51  4:13  Overlord  
  51  4:16  Drone  
  54  4:24  Drone  
  53  4:31  Drone x3  
  53  4:32  Drone  
  53  4:36  Overlord  
  56  4:47  Drone x2  
  56  4:48  Infestation Pit  
  56  4:51  Evolution Chamber  
  56  4:55  Hatchery, Zergling x8  
  56  4:59  Centrifical Hooks  
  59  5:05  Zergling x2  
  59  5:06  Zergling x4  
  62  5:10  Overlord  
  62  5:13  Zergling x2  
  63  5:17  Baneling  
  63  5:18  Baneling x2, Zerg Melee Weapons Level 1  
  63  5:20  Zergling x4  
  64  5:22  Zergling x2  
  64  5:23  Baneling  
  64  5:24  Baneling  
  64  5:25  Zergling x2  
  66  5:32  Hatchery  
  61  5:36  Zergling x2  
  61  5:37  Zergling x10  
  61  5:42  Overlord  
  65  5:55  Zergling x10  
  66  6:09  Swarm Host x2  
  72  6:13  Swarm Host x3  
  72  6:15  Overlord  
  72  6:18  Swarm Host x3  
  84  6:23  Swarm Host  
  91  6:31  Baneling  
  91  6:32  Baneling x2  
  88  6:36  Zergling x2  
  88  6:41  Swarm Host x3  
  88  6:42  Swarm Host  
  88  6:45  Swarm Host x2  
  97  6:55  Zergling x2  
  97  6:57  Baneling x2  
  97  6:59  Zergling x4  
  100  7:05  Zergling x10  
  100  7:06  Overlord  
  105  7:14  Zergling x2  
  102  7:22  Unknown x2  
  102  7:27  Zergling x12  
  102  7:28  Zergling x2  
  102  7:29  Baneling x2  
  107  7:30  Baneling x2, Swarm Host  
  107  7:31  Swarm Host  
  107  7:32  Overlord  
  107  7:36  Overlord  
  113  7:42  Baneling  
  112  7:46  Queen  
  114  7:53  Zergling x8  
  114  7:56  Drone x2  
  114  7:58  Baneling x2  
  117  8:14  Infestation Pit  
  117  8:15  Hydralisk Den  
  117  8:16  Zergling x12  
  115  8:21  Zergling x14  
  115  8:25  Zergling x2  
Show
View Real Time Build Order
Export as new Build Order

Seltic Zerg 

Build Orders: Hatch First 

Get SALT Encoding   

  12  0:00  Drone  
  13  0:12  Overlord  
  13  0:17  Drone  
  14  0:30  Drone x2  
  14  0:34  Drone  
  17  0:51  Hatchery  
  17  0:55  Drone  
  17  0:58  Drone  
  17  1:02  Extractor  
  17  1:13  Spawning Pool  
  17  1:16  Drone  
  17  1:20  Drone  
  18  1:28  Drone  
  19  1:39  Overlord  
  19  1:59  Queen  
  19  2:01  Zergling x4  
  23  2:03  Queen  
  23  2:04  Metabolic Boost  
  26  2:08  Drone  
  26  2:10  Drone  
  26  2:15  Drone  
  28  2:21  Drone  
  29  2:26  Drone  
  30  2:33  Drone  
  31  2:44  Drone x2  
  33  2:51  Baneling Nest  
  33  2:55  Hatchery  
  33  2:56  Drone x2  
  32  3:03  Drone  
  32  3:04  Drone  
  34  3:07  Drone  
  34  3:10  Drone  
  35  3:16  Overlord  
  35  3:18  Drone  
  36  3:29  Overlord  
  36  3:34  Queen  
  36  3:35  Drone  
  36  3:36  Drone x2  
  36  3:37  Zergling x4  
  36  3:40  Zergling x2  
  44  3:47  Overlord  
  45  3:48  Zergling x4  
  45  3:50  Drone x3  
  49  3:56  Roach Warren, Drone, Evolution Chamber  
  49  3:59  Drone  
  49  4:08  Drone x2  
  51  4:10  Drone  
  51  4:14  Lair  
  51  4:15  Extractor  
  52  4:17  Drone x4  
  52  4:19  Drone x2  
  54  4:34  Extractor  
  54  4:36  Zergling x4  
  54  4:37  Zergling x8  
  58  4:42  Zergling x2  
  58  4:47  Queen  
  58  4:49  Zergling x12  
  58  4:51  Zerg Missile Weapons Level 1  
  66  4:56  Overlord x3  
  66  5:11  Glial Reconstitution  
  66  5:20  Zergling x2  
  66  5:21  Zergling x16  
  63  5:37  Overlord  
  63  5:38  Overlord  
  63  5:39  Drone x2  
  63  5:40  Drone x3  
  67  5:45  Zergling x6  
  68  5:52  Zergling x4  
  68  5:56  Zergling x2  
  68  5:57  Zergling x6  
  64  6:02  Zergling x4  
  63  6:05  Zergling x6  
  63  6:06  Baneling x4  
  63  6:07  Overseer  
  63  6:09  Drone x2  
  63  6:10  Zergling x4  
  69  6:18  Hydralisk Den  
  69  6:20  Zergling x4  
  69  6:21  Zergling x2  
  69  6:29  Zergling x2  
  69  6:30  Zergling x2  
  70  6:33  Queen  
  70  6:36  Zergling x20  
  82  6:43  Zergling x2  
  74  7:08  Drone x4  
  77  7:09  Spire, Drone  
  77  7:10  Extractor, Drone x9  
  82  7:18  Drone x2  
  69  7:31  Drone x2  
  69  7:32  Extractor  
  69  7:33  Extractor  
  69  7:41  Hatchery  
  68  7:46  Roach  
  68  7:47  Roach x7  
  82  7:52  Roach  
  82  7:53  Roach  
  85  8:00  Roach  
  85  8:01  Roach  
  85  8:02  Roach x2  
  85  8:03  Roach x3  
  85  8:04  Zergling x2  
  85  8:05  Zergling x2  
  61  8:20  Roach x3  
  42  8:27  Roach  
  42  8:28  Roach x2  
  42  8:32  Roach x4  
Tags
 
Add a new tag
Caveats
  • Supply blocks, unpowered buildings, or Contaminate may cause inaccurate times.
  • Supply counts are checked every 10 seconds.